 Dungeon Crawl Stone Soup version 0.30-a0-371-gad7725a93e (webtiles) character file.

Game seed: 17728011016675958234

28 Drevant2 the Conjurer (level 3, 0/21 HPs)
             Began as a Tengu Reaver on Nov 20, 2022.
             Slain by a kobold
             ... wielding a +0 whip
              (5 damage)
             ... on level 2 of the Dungeon.
             The game lasted 00:03:45 (1736 turns).

Drevant2 the Conjurer (Tengu Reaver)                Turns: 1736, Time: 00:03:46

Health: 0/21       AC:  3    Str: 12    XL:     3   Next: 14%
Magic:  7/7        EV: 11    Int: 15    God:
Gold:   160        SH:  0    Dex: 12    Spells: 3/6 levels left

rFire   . . .      SeeInvis .    a - +0 falchion
rCold   . . .      Faith    .    (no shield)
rNeg    . . .      Spirit   .    b - +0 leather armour
rPois   .          Reflect  .    (helmet restricted)
rElec   .          Harm     .    (no cloak)
rCorr   .          Rampage  .    (no gloves)
Will    .....                    (boots unavailable)
Stlth   +.........               (no amulet)
HPRegen 0.23/turn                (no ring)
MPRegen 0.10/turn                (no ring)

@: no status effects
A: beak, talons 3
a: no special abilities


You were on level 2 of the Dungeon.
You visited 1 branch of the dungeon, and saw 3 of its levels.

You collected 160 gold pieces.

Inventory:

Hand Weapons
 a - a +0 falchion (weapon)
Armour
 b - a +0 leather armour (worn)
Jewellery
 m - a +6 ring of strength
Scrolls
 d - a scroll of torment {unknown}
 e - a scroll of teleportation {unknown}
 f - 2 scrolls of amnesia {unknown}
 g - 2 scrolls of butterflies {unknown}
 h - 3 scrolls of enchant armour {unknown}
 n - a scroll of fear {unknown}
 o - 4 scrolls of identify {unknown}
Potions
 c - a potion of lignification {unknown}
 i - a potion of haste {unknown}
 j - a potion of heal wounds {unknown}
 k - a potion of invisibility {unknown}
 l - a potion of resistance {unknown}
 p - 4 potions of brilliance {unknown}
 q - 2 potions of degeneration {unknown}
 r - a potion of cancellation {unknown}


   Skills:
 - Level 2.0 Fighting
 + Level 4.0 Long Blades
 - Level 2.1 Dodging
 - Level 2.0 Spellcasting
 + Level 4.8 Conjurations


You had 3 spell levels left.
You knew the following spells:

 Your Spells              Type           Power      Damage    Failure   Level
a - Kiss of Death         Conj/Necr      32%        2d7       11%         1
b - Momentum Strike       Conj/Tloc      16%        3d8       16%         2

Your spell library contained the following spells:

 Spells                   Type           Power      Damage    Failure   Level
 Hailstorm                Conj/Ice       8%         3d4       30%         3


Dungeon Overview and Level Annotations

Branches:
Dungeon (3/15)

Altars:
Zin

Shops:
D:1 (

Annotations:
D:3 Natasha


Innate Abilities, Weirdness & Mutations

You have a beak for a mouth.
You have claws for feet.


Message History

Done exploring.
Done exploring.
There is a stone staircase leading down here.
You climb downwards.
The kobold shouts!
Found a chain mail.
Found a stone staircase leading down.
There is a stone staircase leading up here.
A kobold is nearby!
Natasha, Servant of Life and Death comes into view.
Natasha hisses angrily.
Casting: Momentum Strike (safe; 16% risk of failure)
Confirm with . or Enter, or press ? or * to list all spells.
Aiming: Momentum Strike (safe; 16% risk of failure)
Press: ? - help, Dir - move target, f - kobold
Aim: a kobold, wielding a +0 whip (60% to hit)
Okay, then.
Natasha mumbles some strange words.
Casting: Momentum Strike (safe; 16% risk of failure)
Confirm with . or Enter, or press ? or * to list all spells.
Aiming: Momentum Strike (safe; 16% risk of failure)
Press: ? - help, Dir - move target
Okay, then.
Natasha stares at you and mumbles some strange words.
The magic dart hits you. The kobold hits you but does no damage.
There is a stone staircase leading up here.
The kobold barely misses you. The white imp gestures at you.
The puff of frost hits you!
* * * LOW HITPOINT WARNING * * *
You climb upwards.
There is a stone staircase leading down here.
You barely miss the kobold. You claw the kobold.
The kobold is moderately wounded.
The kobold hits you with a +0 whip.
* * * LOW HITPOINT WARNING * * *
You closely miss the kobold.
The kobold is moderately wounded.
The kobold hits you with a +0 whip.
You die...

'.....).................'........
###.......########...####........
# #.#..#.#.# ##.## ##.......
#.##...#.# #.# ##.....#
#.##.#.#.# ####.# ##...##
#.###...## #....# ##'##
#.####.#######.#### #.# #......#
#....K...# #.# ######.#
#.###@##.# ##.## #.# #.#
#.##.#### ##...## ## #.# #.#
#.......# #...... .# #.# #.#
####.##.# #<..... .#######.#
#.######.##.####...... .........#
#........##........... .#########
################...... .# #.#####
.# #......


You could see a kobold.

Vanquished Creatures
  5 ball pythons
  A bat (D:1)
  2 endoplasms (D:1)
  A giant cockroach (D:2)
  4 hobgoblins
  2 kobolds
  A quokka (D:2)
  4 frilled lizards
  2 goblins (D:2)
  4 rats
26 creatures vanquished.

Vanquished Creatures (others)
  A giant cockroach (D:1)
  2 plants
3 creatures vanquished.

Grand Total: 29 creatures vanquished

Notes
Turn   | Place    | Note
-------+----------+-------------------------------------------
     0 | D:1      | Drevant2 the Tengu Reaver began the quest for the Orb.
     0 | D:1      | Reached XP level 1. HP: 12/12 MP: 4/4
   343 | D:1      | Reached XP level 2. HP: 17/17 MP: 6/6
   361 | D:1      | Learned a level 2 spell: Momentum Strike
   425 | D:1      | Found Jowacass's Antique Weapon Shop.
  1208 | D:2      | Reached XP level 3. HP: 21/21 MP: 7/7
  1399 | D:2      | Found a glowing silver altar of Zin.
  1726 | D:3      | Noticed Natasha
  1736 | D:2      | Slain by a kobold

Illustrated notes

Levels and vault maps discovered:
D:1:      roderic_octagonal_star, layout_loops_ring, serial_bayou,
          serial_bayou_shore_a, serial_bayou_pond_e, serial_bayou_pond_a,
          serial_bayou_ford_a, serial_bayou_lagoon_a, serial_bayou_pond_e,
          serial_shops, nicolae_shop_trees
D:2:      layout_loops_corners, basic_altar
D:3:      layout_basic, mainiacjoe_overflow_boulevard,
          mainiacjoe_overflow_six_doors_small, minitemple,
          chequers_ecumenical_altar_lobes, uniq_natasha, uniq_sigmund

Skill      XL: |  1  2 |
---------------+-------+-----
Long Blades    | 4 |  4.0
Fighting       | |  2.0
Dodging        | |  2.1
Spellcasting   | |  2.0
Conjurations   | |  4.8

Action                   || total
-------------------------++-------
Melee: Falchion          ||    59
       Peck              ||     5
       Kick              ||    11
 Cast: Kiss of Death     ||     1
       Momentum Strike   ||     1
Armor: Leather armour    ||    12
Dodge: Dodged            ||    24

Table legend: (Time is in decaauts)
 A = Elapsed time spent in this place.
 B = Non-inter-level travel time spent in this place.
 C = Inter-level travel time spent in this place.
 D = Time resting spent in this place.
 E = Time spent auto-exploring this place.
 F = Levels seen in this place.
 G = Mean time per level.
                   A        B        C        D        E       F      G
               +--------+--------+--------+--------+--------+-----+--------+
         Total |   1786 |   1759 |     27 |     50 |   1516 |   3 |  595.3 |
       Dungeon |   1786 |   1759 |     27 |     50 |   1516 |   3 |  595.3 |
               +--------+--------+--------+--------+--------+-----+--------+

Top non-repeatable levels by time:
     D:1: 958 daAuts
     D:2: 819 daAuts
     D:3: 8 daAuts
